 Dungeon Crawl Stone Soup version 0.14-a0-1169-g4815781 (webtiles) character file.

1875 Mitsuki the Thaumaturge (level 8, -4/41 HPs)
             Began as a Deep Elf Conjurer on Nov 29, 2013.
             Was an Initiate of Vehumet.
             Slain by an orc warrior
             ... wielding a cursed +0,+1 orcish halberd
              (14 damage)
             ... on Level 7 of the Dungeon.
             The game lasted 01:09:17 (6471 turns).

Mitsuki the Thaumaturge (Deep Elf Conjurer)         Turns: 6471, Time: 01:09:17

HP  -4/41        AC  5     Str  5      XL: 8   Next: 58%
MP   1/35        EV 11     Int 23      God: Vehumet [......]
Gold 315         SH  0     Dex 15      Spells:  6 memorised,  5 levels left

rFire  . . .     SeeInvis .     d - +1,+2 whip (freeze)
rCold  . . .     Clarity  .     e - +2 elf leather armour
rNeg   . . .     Conserve .     (no shield)
rPois  .         rCorr    .     (no helmet)
rElec  .         rRot     .     (no cloak)
SustAb . .       Spirit   .     (no gloves)
rMut   .         Warding  .     (no boots)
Saprov . . .     Stasis   .     B - amulet "Thruerip" {Faith Hunger+ Acc+5}
                                (no ring)
                                h - ring of magical power

@: somewhat resistant to hostile enchantments, stealthy
A: no striking features
a: Renounce Religion


You were on level 7 of the Dungeon.
You worshipped Vehumet.
Vehumet was noncommittal.
You were not hungry.

You visited 2 branches of the dungeon, and saw 8 of its levels.

You collected 315 gold pieces.

Inventory:

Hand weapons
 d - a +1,+2 whip of freezing (weapon)
 i - a +1,+2 spear of dragon slaying
Armour
 e - a +2 elven leather armour (worn)
 r - a cursed +0 scale mail of cold resistance
Magical devices
 m - a wand of cold (2)
 p - a wand of cold (5)
 s - a wand of flame (13)
 t - a wand of random effects (15)
Comestibles
 x - a bread ration
 z - a pear
Scrolls
 b - a scroll of teleportation
 g - 6 scrolls of identify
 k - 5 scrolls of remove curse
 l - a scroll of fear
 n - a scroll of curse jewellery
 w - a scroll of magic mapping
Jewellery
 h - a ring of magical power (left hand)
 u - an uncursed amulet of resist corrosion
 v - an uncursed amulet of the gourmand
 B - the amulet "Thruerip" (around neck) {Faith Hunger+ Acc+5}
   (You found it on level 6 of the Dungeon)

   [amulet of faith]

   It affects your accuracy (+5).
   It greatly speeds your metabolism.
Potions
 a - a potion of berserk rage {unknown}
 f - 3 potions of mutation {unknown}
 j - 2 potions of curing
 o - a potion of might {unknown}
 q - a potion of resistance {unknown}
 A - a potion of degeneration {unknown}
Books
 c - a book of Conjurations

   Spells                             Type                      Level
   *Magic Dart                        Conjuration                  1
   *Searing Ray                       Conjuration                  2
   *Dazzling Spray                    Conjuration/Hexes            3
   *Iskenderun's Mystic Blast         Conjuration                  4
   *Iskenderun's Battlesphere         Conjuration/Charms           4
   *Fulminant Prism                   Conjuration/Hexes            5


   Skills:
 + Level 2.0 Armour
 + Level 4.2 Dodging
 + Level 4.1 Stealth
 + Level 8.8 Spellcasting
 + Level 8.3 Conjurations
 + Level 2.2 Hexes
 + Level 2.3 Charms
 + Level 0.2 Evocations


You had 5 spell levels left.
You knew the following spells:

 Your Spells              Type           Power        Failure   Level  Hunger
a - Magic Dart            Conj           ####         1%          1    None
b - Searing Ray           Conj           #####.       1%          2    None
c - Iskenderun's Battles  Conj/Chrm      ####....     10%         4    ##.....
d - Iskenderun's Mystic   Conj           #####...     1%          4    ##.....
e - Dazzling Spray        Conj/Hex       ####....     1%          3    None
f - Fulminant Prism       Conj/Hex       ####......   21%         5    ####...


Dungeon Overview and Level Annotations

Branches:
Dungeon (7/16)             Temple (1/1) D:5

Altars:
Ashenzari
Cheibriados
Elyvilon
Fedhas
Kikubaaqudgha
Makhleb
Nemelex Xobeh
Okawaru
Sif Muna
Trog
Vehumet
Xom
Yredelemnul
Zin
the Shining One

Shops:
D:5 *

Annotations:
D:7 Joseph


Message History

Casting: Searing Ray
Confirm with . or Enter, or press ? or * to list all spells.
You don't have enough magic to cast that spell.
Casting: Searing Ray
Confirm with . or Enter, or press ? or * to list all spells.
You don't have enough magic to cast that spell.
Casting: Searing Ray
Confirm with . or Enter, or press ? or * to list all spells.
You don't have enough magic to cast that spell.
Casting: Searing Ray
Confirm with . or Enter, or press ? or * to list all spells.
Aiming: Dazzling Spray
Press: ? - help, Shift-Dir - straight line, f - orc warrior
Aim: an orc warrior, wielding an orcish halberd and wearing an orcish plate armour (severely wounded)
The spray of energy hits the orc warrior.
The orc warrior is almost dead.
The orc warrior is dazzled.
There is a stone staircase leading up here.
The orc warrior hits you from afar with an orcish halberd!
You die...

#.# # #.#
#####.##.#####.#
.......(O).o(..#
########o#..)..#
#o# ###.. #.#
#########o#
#...oo.@#.#
#.#######.#
#...o.o.o.#
###########


You could see an orc warrior (blind) and an orc wizard.

Vanquished Creatures
  A hungry ghost (D:5)
  An ice beast (D:6)
  2 ogres (D:5)
  A phantom (D:6)
  3 giant frogs (D:6)
  A wight (D:7)
  3 hounds
  2 crimson imps
  A giant frog zombie (D:5)
  2 orc wizards
  A quasit (D:5)
  2 iguanas (D:4)
  2 orc priests
  4 worker ants
  Ijyb (D:4)
  3 gnolls (D:2)
  7 adders
  An inept feature mimic (D:6)
  2 giant mites
  A worm (D:6)
  An adder skeleton (D:6)
  6 giant geckos
  11 orcs
  11 bats
  A bat skeleton (D:4)
  5 giant cockroaches
  9 goblins
  9 hobgoblins
  6 jackals (D:3)
  3 quokkas
  2 ball pythons (D:3)
  5 giant newts
  A giant spore (D:6)
  A gnoll zombie (D:5)
  9 kobolds
  An orc zombie (D:7)
  A quokka skeleton (D:4)
  9 rats
  2 ballistomycetes (D:6)
134 creatures vanquished.

Vanquished Creatures (others)
  8 fulminant prisms
  A quokka (D:4)
9 creatures vanquished.

Grand Total: 143 creatures vanquished

Notes
Turn   | Place    | Note
--------------------------------------------------------------
     0 | D:1      | Mitsuki, the Deep Elf Conjurer, began the quest for the Orb.
     0 | D:1      | Reached XP level 1. HP: 10/10 MP: 4/4
   181 | D:1      | Reached XP level 2. HP: 15/15 MP: 3/6
   419 | D:1      | Learned a level 2 spell: Searing Ray
   471 | D:1      | Reached skill level 5 in Conjurations
  1006 | D:2      | Reached XP level 3. HP: 19/19 MP: 9/9
  1434 | D:2      | Reached XP level 4. HP: 24/24 MP: 12/12
  1767 | D:2      | Learned a level 4 spell: Iskenderun's Battlesphere
  2945 | D:4      | Reached skill level 1 in Armour
  2945 | D:4      | Reached XP level 5. HP: 28/28 MP: 15/15
  3312 | D:4      | Found a white marble altar of Elyvilon.
  3547 | D:4      | Noticed Ijyb
  3553 | D:4      | Reached skill level 6 in Conjurations
  3557 | D:4      | Killed Ijyb
  3557 | D:4      | Reached XP level 6. HP: 32/32 MP: 20/20
  3638 | D:4      | Learned a level 4 spell: Iskenderun's Mystic Blast
  3642 | D:4      | Learned a level 3 spell: Dazzling Spray
  3693 | D:4      | Reached skill level 5 in Spellcasting
  3694 | D:4      | Found a snail-covered altar of Cheibriados.
  4196 | D:5      | Entered Level 5 of the Dungeon
  4286 | D:5      | Noticed a hungry ghost
  4355 | D:5      | Killed a hungry ghost
  4355 | D:5      | Reached skill level 7 in Conjurations
  4355 | D:5      | Reached XP level 7. HP: 29/36 MP: 3/22
  4364 | D:5      | Found Zin's Purification Station.
  4366 | D:5      | Found a glowing silver altar of Zin.
  4528 | D:5      | Found a staircase to the Ecumenical Temple.
  4537 | D:5      | Found a deep blue altar of Sif Muna.
  4602 | D:5      | Reached skill level 1 in Charms
  4968 | Temple   | Entered the Ecumenical Temple
  5069 | Temple   | Became a worshipper of Vehumet
  5654 | D:5      | Reached skill level 1 in Hexes
  5654 | D:5      | Reached XP level 8. HP: 29/41 MP: 25/25
  5813 | D:6      | Got a slimy ivory amulet
  5816 | D:6      | Identified the amulet "Thruerip" {Faith Hunger+ Acc+5} (You found it on level 6 of the Dungeon)
  5938 | D:6      | Reached skill level 8 in Conjurations
  5945 | D:6      | Learned a level 5 spell: Fulminant Prism
  6120 | D:6      | Found a staircase to the Ecumenical Temple.
  6123 | D:6      | the staircase to the Ecumenical Temple was a mimic.
  6273 | D:7      | Noticed Joseph
  6471 | D:7      | Slain by an orc warrior

Action                   |  1- 3 |  4- 6 |  7- 9 || total
-------------------------+-------+-------+-------++-------
Melee: Whip              |     5 |       |     1 ||     6
 Cast: Magic Dart        |    60 |    72 |    31 ||   163
       Searing Ray       |     2 |     8 |     1 ||    11
       Iskenderun's Batt |       |     7 |    13 ||    20
       Iskenderun's Myst |       |    20 |    31 ||    51
       Dazzling Spray    |       |     5 |     9 ||    14
       Fulminant Prism   |       |       |     8 ||     8
Evoke: Wand              |       |     1 |     2 ||     3
  Use: Scroll            |     4 |     7 |     5 ||    16
       Potion            |       |     3 |     2 ||     5
